Map: Inside and Out

Players

Zergnition - Winner!

  • Race: Zerg Zerg
  • League: Diamond
  • Spawn Location: 7:00

TFEnos

  • Race: Protoss Protoss
  • League: Diamond
  • Spawn Location: 1:00

VOD

Have the link to the VOD?

Description

Cannon rush into skytoss.

Time

  • Played on: Oct. 27, 2022, 8:40 p.m.
  • Length: 13:48
Show
View Real Time Build Order
Export as new Build Order

Zergnition Zerg - Winner!

Build Orders: Hatch First 

Get SALT Encoding   

  12  0:00  Drone  
  13  0:12  Overlord  
  13  0:16  Drone  
  14  0:30  Drone x2  
  16  0:48  Hatchery  
  15  0:52  Drone  
  15  0:55  Drone  
  17  1:03  Drone  
  18  1:39  Spawning Pool, Extractor  
  16  1:52  Overlord  
  16  2:12  Drone x4  
  16  2:13  Drone  
  21  2:26  Queen  
  23  2:39  Queen  
  25  2:46  Metabolic Boost  
  25  2:49  Zergling x2  
  26  2:56  Drone x2  
  28  2:58  Drone  
  28  3:01  Drone  
  30  3:07  Drone  
  30  3:08  Drone  
  30  3:10  Drone  
  33  3:19  Roach Warren  
  32  3:22  Overlord  
  32  3:28  Overlord  
  32  3:32  Zergling x2  
  32  3:33  Zergling x2  
  34  3:39  Overlord  
  34  3:41  Overlord  
  34  3:58  Roach  
  34  3:59  Roach x4  
  34  4:00  Roach  
  46  4:04  Roach  
  48  4:14  Zergling x2  
  48  4:15  Zergling x6  
  52  4:27  Zergling x10  
  57  4:34  Zergling x2  
  57  4:35  Zergling x2  
  59  4:41  Hatchery  
  58  5:03  Drone x3  
  58  5:04  Drone x5  
  65  5:11  Zergling x2  
  65  5:12  Zergling x2  
  62  5:18  Zergling x4  
  58  5:21  Queen  
  58  5:22  Queen  
  58  5:25  Spore Crawler  
  53  5:39  Extractor  
  53  5:40  Extractor  
  46  5:48  Spore Crawler  
  46  5:49  Drone x2  
  44  5:50  Extractor  
  44  5:55  Queen  
  45  5:59  Drone x11  
  54  6:14  Drone  
  54  6:15  Drone x2  
  54  6:16  Lair  
  57  6:18  Drone  
  58  6:27  Queen  
  58  6:29  Drone x5  
  58  6:32  Extractor x2  
  61  6:43  Drone  
  61  6:44  Drone x5  
  61  6:46  Spore Crawler x2  
  65  7:04  Overlord x3  
  65  7:07  Overlord  
  65  7:19  Overlord x2  
  65  7:20  Spire, Overlord x4  
  65  7:22  Queen  
  66  7:23  Queen  
  68  7:34  Drone x2  
  68  7:35  Drone  
  71  7:37  Drone x2  
  71  7:38  Drone x2  
  71  7:40  Drone x2  
  77  7:45  Evolution Chamber  
  76  7:52  Drone x3, Spore Crawler  
  76  7:53  Drone x2  
  76  7:54  Drone  
  81  8:02  Queen  
  81  8:03  Overlord x2  
  83  8:13  Zergling x2  
  83  8:14  Overseer  
  83  8:18  Zerg Melee Weapons Level 1  
  84  8:20  Overlord x3  
  84  8:23  Hatchery  
  83  8:36  Corruptor, Zerg Flyer Armor Level 1  
  83  8:37  Corruptor x5  
  83  8:40  Corruptor  
  97  8:44  Corruptor  
  99  8:56  Drone  
  99  8:57  Drone x6  
  106  9:13  Corruptor x3  
  106  9:15  Corruptor  
  114  9:23  Extractor  
  113  9:25  Extractor  
  113  9:29  Drone  
  113  9:30  Drone x6  
  117  9:32  Drone x5  
  117  9:34  Hatchery  
  117  9:37  Corruptor, Glial Reconstitution  
  122  9:39  Corruptor  
  124  9:47  Drone x4  
  124  9:50  Corruptor  
  130  9:59  Overlord x2  
  130  10:00  Overlord x2  
  130  10:03  Zergling x2  
  130  10:04  Zergling x2  
  130  10:05  Zergling x2  
  133  10:08  Overlord x3  
  133  10:11  Corruptor  
  133  10:12  Corruptor  
  121  10:31  Corruptor  
  121  10:32  Corruptor x6  
  131  10:37  Zergling x2  
  131  10:38  Zergling x12  
  131  10:39  Zergling x2  
  135  10:59  Corruptor x5  
  135  11:00  Zergling x2  
  135  11:01  Zergling x14  
  153  11:09  Corruptor x3  
  158  11:11  Extractor  
  158  11:16  Zerg Melee Weapons Level 2  
  158  11:17  Infestation Pit  
  156  11:20  Zerg Flyer Armor Level 2  
  156  11:22  Corruptor  
  158  11:27  Baneling Nest  
  158  11:29  Corruptor  
  158  11:30  Corruptor  
  143  11:47  Zergling x2  
  143  11:48  Zergling x30  
  143  11:49  Zergling x8  
  163  11:57  Zergling x6  
  166  12:02  Hive  
  166  12:05  Hydralisk Den  
  166  12:08  Drone  
  166  12:09  Drone x2  
  166  12:10  Roach x3  
  166  12:11  Roach x5  
  180  12:17  Roach x2  
  182  12:27  Centrifugal Hooks  
  182  12:30  Roach  
  182  12:31  Roach x7  
  182  12:34  Evolution Chamber  
  197  12:40  Roach  
  197  12:41  Roach  
  199  12:54  Extractor  
  198  13:01  Spine Crawler, Spore Crawler  
  198  13:02  Spine Crawler  
  195  13:09  Hatchery  
  190  13:23  Roach  
  190  13:24  Roach x9  
  169  13:43  Lurker Den  
Show
View Real Time Build Order
Export as new Build Order

TFEnos Protoss 

Build Orders:  

Get SALT Encoding   

  12  0:00  Probe  
  13  0:12  Probe  
  14  0:22  Pylon  
  14  0:25  Probe  
  15  0:40  Gateway  
  15  0:43  Probe  
  15  0:47  Assimilator  
  16  0:55  Probe  
  17  1:03  Pylon  
  17  1:07  Probe  
  18  1:24  Pylon  
  18  1:30  Pylon  
  18  1:34  Probe  
  18  1:38  Assimilator  
  19  1:48  Cybernetics Core  
  19  1:50  Probe (Chrono Boost)  
  21  2:01  Zealot  
  21  2:02  Probe (Chrono Boost)  
  23  2:12  Pylon  
  23  2:30  Probe  
  23  2:31  Warp Gate  
  23  2:32  Nexus  
  24  2:38  Sentry  
  24  2:43  Probe  
  27  2:48  Pylon  
  27  3:03  Probe  
  28  3:06  Stargate  
  28  3:15  Probe  
  29  3:22  Shield Battery  
  29  3:23  Pylon  
  29  3:27  Probe  
  31  3:41  Probe (Chrono Boost)  
  31  3:46  Probe (Chrono Boost)  
  37  3:55  Void Ray (Chrono Boost)  
  37  3:56  Probe (Chrono Boost)  
  37  3:57  Probe (Chrono Boost)  
  37  4:04  Probe, Pylon  
  38  4:12  Stargate  
  38  4:15  Pylon  
  38  4:20  Probe  
  39  4:26  Shield Battery  
  39  4:28  Probe  
  39  4:29  Shield Battery  
  44  4:39  Void Ray (Chrono Boost)  
  44  4:43  Probe x2  
  45  4:55  Probe  
  50  5:02  Void Ray (Chrono Boost)  
  42  5:32  Void Ray (Chrono Boost)  
  38  5:39  Probe  
  38  5:40  Probe  
  39  5:52  Probe x2  
  40  6:04  Probe x2  
  42  6:11  Gateway  
  42  6:30  Probe (Chrono Boost), Pylon  
  44  6:35  Probe (Chrono Boost)  
  45  6:41  Probe (Chrono Boost)  
  45  6:45  Probe (Chrono Boost)  
  45  6:46  Void Ray (Chrono Boost), Probe (Chrono Boost)  
  54  6:52  Void Ray (Chrono Boost)  
  55  6:54  Probe  
  55  6:57  Probe  
  57  7:06  Probe  
  58  7:09  Probe  
  59  7:19  Probe, Assimilator  
  59  7:21  Probe, Assimilator  
  61  7:27  Fleet Beacon  
  61  7:31  Probe  
  61  7:36  Probe, Protoss Air Weapons Level 1 (Chrono Boost)  
  63  7:39  Pylon  
  63  7:44  Pylon  
  63  7:49  Pylon  
  63  8:04  Probe  
  64  8:06  Probe  
  64  8:11  Flux Vanes  
  65  8:16  Probe  
  65  8:19  Carrier (Chrono Boost)  
  72  8:35  Carrier (Chrono Boost)  
  72  8:40  Probe  
  79  8:45  Gateway  
  79  8:47  Pylon  
  79  8:48  Gateway  
  79  8:50  Probe  
  79  8:51  Gateway  
  79  8:52  Probe  
  79  8:55  Pylon  
  81  8:59  Pylon  
  81  9:07  Gateway  
  81  9:12  Gateway  
  81  9:14  Gateway  
  81  9:16  Gateway  
  81  9:19  Gateway  
  81  9:37  Carrier (Chrono Boost)  
  93  9:41  Carrier (Chrono Boost)  
  93  9:50  Twilight Council  
  93  10:04  Protoss Air Weapons Level 2 (Chrono Boost)  
  89  10:26  Charge (Chrono Boost)  
  89  10:27  Zealot  
  89  10:28  Zealot x5  
  83  10:29  Zealot  
  83  10:30  Zealot x2  
  83  10:31  Zealot  
  95  11:15  Nexus  
  95  11:21  Dark Shrine  
  69  12:00  Stalker x3  
  69  12:01  Stalker x5  
  69  12:02  Stalker  
  75  12:19  Zealot  
  77  12:29  Zealot  
  79  12:30  Zealot x2  
  79  12:31  Stalker  
  79  12:32  Sentry, Stalker  
  79  12:33  Zealot  
  82  12:52  Dark Templar  
  82  12:53  Dark Templar  
  82  12:57  Dark Templar  
  88  13:09  Dark Templar  
  90  13:15  Dark Templar  
  51  13:35  Dark Templar  
  51  13:36  Dark Templar  
Tags
 
Add a new tag
Caveats
  • Supply blocks, unpowered buildings, or Contaminate may cause inaccurate times.
  • Supply counts are checked every 10 seconds.